 Dungeon Crawl Stone Soup version 0.32-a0-711-g016ad743e0 (webtiles) character file.

Game seed: 9937943790908226568

574793 ballabu the Warrior (level 25, -14/187 (189) HPs)
             Began as a Demonspawn Gladiator on Mar 15, 2024.
             Was a High Priest of Hepliaklqana.
             Demolished by Tiamat
             ... wielding a +0 glaive of freezing
              (15 damage)
             ... while paralysed by a jorogumo
             ... on level 1 of the Realm of Zot.
             The game lasted 03:45:54 (70213 turns).

ballabu the Warrior (Demonspawn Gladiator)         Turns: 70213, Time: 03:45:54

HP:   -14/187 (189) AC: 34    Str: 18    XL:     25   Next: 19%
MP:   0/43          EV:  2    Int: 13    God:    Hepliaklqana [*****.]
Gold: 3441          SH:  0    Dex: 24    Spells: 51/56 levels left

rFire   + . .        Y - +9 demon blade (protect)
rCold   + + .        (no shield)
rNeg    + . .        J - +5 storm dragon scales
rPois   +            X - +2 hat of Hepliaklqana's Pride {Regen+ rCorr Int+2 Stlth+}
rElec   +            Q - +1 cloak of Starlight {*Dazzle EV+4 Stlth--}
rCorr   +            (gloves unavailable)
SInv    +            s - +1 pair of boots {rampage}
Will    ++++.        A - amulet of the Four Winds {rN+ Will+++ Clar}
Stlth   +++          M - ring of see invisible
HPRegen 1.31/turn    T - ring of Pemeckae {rC+ rCorr Int+3}
MPRegen 0.56/turn

%: clarity, guardian spirit, rampage
@: paralysed, about to teleport, resistant, lightly drained
A: reduced essence, slimy green scales 3, demonic guardian 2, magic shield,
magic regeneration, magic link, black mark, bedeviling, aura of silence, demonic
touch 3
}: 4/15 runes: decaying, silver, abyssal, gossamer
a: Renounce Religion, Recall Ancestor, Ancestor Identity, Transference, Idealise


You were on level 1 of the Realm of Zot.
You worshipped Hepliaklqana.
Hepliaklqana was extremely pleased with you.
You visited 9 branches of the dungeon, and saw 41 of its levels.
You visited the Abyss 1 time.
You visited 1 bazaar.
You also visited: Trove, Ossuary, Bailey and Wizlab.

You collected 6462 gold pieces.
You spent 3021 gold pieces at shops.

Inventory:

Hand Weapons
 L - a +3 scimitar of flaming
 Y - a +9 demon blade of protection (weapon)
Missiles
 b - 13 javelins
 y - 8 curare-tipped darts (quivered)
 D - 10 silver javelins
Armour
 r - the +1 helmet "Ytwatima" {rF+ Str-4 Dex+3}
   (You found it in a treasure trove)

   Str-4:     It affects your strength (-4).
   Dex+3:     It affects your dexterity (+3).
   rF+:       It protects you from fire.
 s - a +1 pair of boots of rampaging (worn)
 J - +5 storm dragon scales (worn)
 Q - the +1 cloak of Starlight (worn) {*Dazzle EV+4 Stlth--}
   (You found it in a treasure trove)

   *Dazzle:   It may blind those who miss an attack against the wearer in melee
   combat.
   EV+4:      It affects your evasion (+4).
   Stlth--:   It makes you much less stealthy.
 X - the +2 hat of Hepliaklqana's Pride (worn) {Regen+ rCorr Int+2 Stlth+}
   (You found it on level 4 of the Spider Nest)

   Int+2:     It affects your intelligence (+2).
   Regen+:    It increases your rate of health regeneration.
   rCorr:     It protects you from acid and corrosion.
   Stlth+:    It makes you more stealthy.
Jewellery
 c - a ring of flight
 p - a +4 ring of protection
 A - the amulet of the Four Winds (around neck) {rN+ Will+++ Clar}
   (You bought it in a shop on level 2 of the Orcish Mines)

   [amulet of nothing]

   rN+:       It protects you from negative energy.
   Will+++:   It greatly increases your willpower.
   Clar:      It protects you from confusion, rage, mesmerisation and fear.
 M - a ring of see invisible (left hand)
 T - a ring of Pemeckae (right hand) {rC+ rCorr Int+3}
   (You bought it in a shop on level 3 of the Vaults)

   [ring of protection from cold]

   Int+3:     It affects your intelligence (+3).
   rC+:       It protects you from cold.
   rCorr:     It protects you from acid and corrosion.
Wands
 e - a wand of paralysis (30)
 f - a wand of mindburst (9)
 h - a wand of warping (55)
 l - a wand of acid (17)
 I - a wand of digging (17)
 K - a wand of polymorph (24)
 O - a wand of flame (74)
Scrolls
 a - 21 scrolls of identify
 i - a scroll of torment
 k - 7 scrolls of fog
 q - a scroll of enchant armour
 u - 13 scrolls of poison
 v - 5 scrolls of amnesia
 z - a scroll of blinking
 F - 4 scrolls of silence
 G - 6 scrolls of teleportation
 N - 5 scrolls of fear
 R - 6 scrolls of immolation
 S - 5 scrolls of vulnerability
 V - 3 scrolls of revelation
 Z - 2 scrolls of butterflies
Potions
 d - a potion of invisibility
 g - 5 potions of enlightenment
 j - 6 potions of brilliance
 m - 3 potions of might
 n - 7 potions of cancellation
 t - 7 potions of curing
 w - a potion of attraction
 C - a potion of resistance
 E - 2 potions of mutation
 H - 2 potions of berserk rage
 U - 2 potions of ambrosia
 W - 3 potions of heal wounds
Miscellaneous
 x - a phantom mirror


   Skills:
 - Level 20.0 Fighting
 - Level 14.0 Long Blades
 - Level 6.0 Throwing
 + Level 17.6 Armour
 + Level 17.5 Dodging
 + Level 17.4 Stealth
 - Level 16.0 Spellcasting
 - Level 6.0 Earth Magic
 + Level 16.8 Invocations


You had 51 spell levels left.
You knew the following spells:

 Your Spells              Type           Power      Damage    Failure   Level
a - Lee's Rapid Deconstr  Erth           13%        3d9*      58%         5

Your spell library contained the following spells:

 Spells                   Type           Power      Damage    Failure   Level
 Passwall                 Erth           26%        N/A       9%          3
 Stone Arrow              Conj/Erth      36%        3d9       28%         3
 Apportation              Tloc           20%        N/A       32%         1
 Freeze                   Ice            40%        1d6       32%         1
 Magic Dart               Conj           40%        1d5       32%         1
 Slow                     Hex            60%        N/A       32%         1
 Sting                    Conj/Alch      40%        1d5       32%         1
 Blink                    Tloc           20%        N/A       43%         2
 Call Imp                 Summ           20%        N/A       43%         2
 Cigotuvi's Dreadful Rot  Necr/Alch/Air  20%        N/A       43%         2
 Ensorcelled Hibernation  Hex/Ice        30%        N/A       43%         2
 Lesser Beckoning         Tloc           20%        N/A       43%         2
 Mercury Vapours          Alch/Air       20%        N/A       43%         2
 Scorch                   Fire           20%        2d5       43%         2
 Searing Ray              Conj           20%        2d5       43%         2
 Sublimation of Blood     Necr           10%        N/A       43%         2
 Confusing Touch          Hex            15%        N/A       67%         3
 Dazzling Flash           Conj/Hex       30%        N/A       67%         3
 Gell's Gravitas          Tloc           10%        N/A       67%         3
 Hailstorm                Conj/Ice       10%        3d6       67%         3
 Mephitic Cloud           Conj/Alch/Air  10%        N/A       67%         3
 Summon Ice Beast         Ice/Summ       10%        N/A       67%         3
 Teleport Other           Tloc           10%        N/A       67%         3
 Tukima's Dance           Hex            15%        N/A       67%         3
 Vampiric Draining        Necr           10%        2d6       67%         3
 Volatile Blastmotes      Fire/Tloc      20%        2d11      67%         3
 Animate Armour           Summ/Erth      36%        N/A       67%         4
 Brom's Barrelling Bould  Conj/Erth      18%        2d4       67%         4
 Leda's Liquefaction      Alch/Erth      9%         N/A       67%         4
 Petrify                  Alch/Erth      18%        N/A       67%         4
 Borgnjor's Vile Clutch   Necr/Erth      9%         N/A       95%         5
 Anguish                  Hex/Necr       7%         N/A       97%         4
 Animate Dead             Necr           10%        N/A       97%         4
 Cause Fear               Hex            7%         N/A       97%         4
 Dimensional Bullseye     Hex/Tloc       7%         N/A       97%         4
 Dispel Undead            Necr           10%        3d9       97%         4
 Fulminant Prism          Conj/Alch      5%         3d7       97%         4
 Ignite Poison            Fire/Alch      10%        N/A       97%         4
 Iskenderun's Mystic Bla  Conj/Tloc      10%        2d4       97%         4
 Manifold Assault         Tloc           10%        N/A       97%         4
 Olgreb's Toxic Radiance  Alch           10%        N/A       97%         4
 Summon Lightning Spire   Summ/Air       10%        N/A       97%         4
 Vhi's Electric Charge    Tloc/Air       20%        N/A       97%         4
 Alistair's Intoxication  Alch           6%         N/A       100%        5
 Arcjolt                  Conj/Air       5%         1d15      100%        5
 Freezing Cloud           Conj/Ice/Air   5%         6-21      100%        5
 Irradiate                Conj/Alch      5%         3d13      100%        5
 Metabolic Englaciation   Hex/Ice        7%         N/A       100%        5
 Summon Forest            Summ/Tloc      5%         N/A       100%        5
 Summon Mana Viper        Hex/Summ       15%        N/A       100%        5
 Yara's Violent Unravell  Hex/Alch       7%         3d5       100%        5
 Bombard                  Conj/Erth      9%         9d2       100%        6
 Dispersal                Tloc           5%         N/A       100%        6
 Eringya's Noxious Bog    Alch           5%         4d6       100%        6
 Permafrost Eruption      Ice/Erth       9%         2x4d4     100%        6
 Plasma Beam              Fire/Air       5%         2x1d15    100%        6
 Sculpt Simulacrum        Ice/Alch       5%         N/A       100%        6
 Starburst                Conj/Fire      5%         6d4       100%        6
 Enfeeble                 Hex            7%         N/A       100%        7
 Monstrous Menagerie      Summ           5%         N/A       100%        7
 Ozocubu's Refrigeration  Ice            5%         4d8       100%        7
 Summon Hydra             Summ           5%         N/A       100%        7
 Disjunction              Tloc           5%         N/A       100%        8
 Lehudib's Crystal Spear  Conj/Erth      9%         10d4      100%        8
 Maxwell's Capacitive Co  Air            5%         ∞         100%        8
 Polar Vortex             Ice            5%         N/A       100%        9
 Shatter                  Erth           13%        3d13*     100%        9


Dungeon Overview and Level Annotations

Branches:
Dungeon (15/15)            Temple (1/1) D:4            Lair (5/5) D:9
  Swamp (4/4) Lair:2       Spider (4/4) Lair:2        Slime (0/5) Lair:5
    Orc (2/2) D:11            Elf (0/3) Orc:2        Vaults (5/5) D:13
  Crypt (0/3) Vaults:3     Depths (4/4) D:15            Zot (1/5) Depths:4
Ossuary (visited)          Bailey (visited)          WizLab (visited)

Altars:
Ashenzari
Cheibriados
Dithmenos
Fedhas
Gozag
Hepliaklqana
Kikubaaqudgha
Makhleb
Nemelex Xobeh
Okawaru
Qazlal
Ru
Sif Muna
Trog
Uskayaw
Vehumet
Wu Jian
Xom
Yredelemnul
Jiyva

Shops:
D:1 (   D:4 :   Orc:1 **   Orc:2 :[*?   Vaults:2 ?   Vaults:3 =   Depths:4 :

Portals:
Hell: Depths:1 Depths:2 Depths:3 Depths:4
Abyss: Depths:2 Depths:3 Depths:4
Pandemonium: Depths:2
Ziggurat: Depths:1

Annotations:
D:3 2 runed translucent doors, RedFox's ghost, weakling MDFi
D:4 3 runed translucent doors, flt's ghost, amateur TrDe
Swamp:3 Lernaean hydra
Zot:1 Tiamat


Innate Abilities, Weirdness & Mutations

Your life essence is reduced to manifest your ancestor. (-10% HP)
You are completely covered in slimy green scales. (AC +4, rPois)
A demonic guardian rushes to your aid.
When hurt, damage is shared between your health and your magic reserves.
You regenerate magic rapidly.
When low on magic, you restore magic in place of health.
Your melee attacks may debilitate your foes.
Your hexes are more powerful.
You are surrounded by an aura of silence.
Your touch may irresistibly damage your foes and sap their willpower.


Message History

Tiamat misses you.
Unknown command.
The web tears apart.
Tiamat completely misses you.
The yellow draconian closely misses your balrug.
The jorogumo hits you but does no damage.
Your balrug gestures at the yellow draconian.
The bolt of fire hits the yellow draconian!!
Tiamat completely misses you. The jorogumo casts a spell at you.
The stream of webbing misses you.
The white draconian barely misses your balrug.
The yellow draconian spits acid at you. The splash of acid hits your balrug!!
Your balrug hits the yellow draconian with a +1 demon whip of electrocution!
The yellow draconian is engulfed in flames!!
Your balrug closely misses the yellow draconian.
The white draconian hits your balrug with a +0 halberd!!
Tiamat attacks as she pursues you!
Tiamat hits you from afar with a +0 glaive of freezing!!
* * * LOW HITPOINT WARNING * * *
Tiamat freezes you.
* * * LOW HITPOINT WARNING * * *
The yellow draconian spits acid at you. The splash of acid hits your balrug!!
The acid corrodes your balrug!
Your balrug dies!
Your balrug disappears in a puff of smoke!
The jorogumo hits you.
* * * LOW HITPOINT WARNING * * *
You suddenly lose the ability to move!
Tiamat hits you from afar with a +0 glaive of freezing!!
* * * LOW HITPOINT WARNING * * *
Tiamat freezes you.
* * * LOW HITPOINT WARNING * * *
The jorogumo hits you.
* * * LOW HITPOINT WARNING * * *
The purple draconian shifter gestures wildly while chanting.
The purple draconian shifter blinks!
Tiamat hits you from afar with a +0 glaive of freezing!
You die...
Hepliaklqana delivers you to your ancestors.

#...###dy###≈≈≈≈≈#
#.#.###qd...# ≈≈#
#.#..##dH#d.##≈#
######.#y#.#.d.#...#
#......#§##.>.####.##
......q..###†#####..####
.......d....d†....#.....
..........d.......######
.......@H.dd......# #.
.........###.###### #.
......:.## #.# #.
........# #.# #.
.###.#### #. [. #. .. #.
... ##


You could see Tiamat (berserk, weak-willed, weak, drained), 2 draconians, 2
draconians, a purple draconian shifter, a jorogumo (fast, strong) and a sun moth
(fast, strong).

Vanquished Creatures
  A dread lich (Vaults:5)
  An ancient lich (Vaults:5)
  Frederick (Vaults:5)
  A juggernaut (Depths:3)
  A golden dragon (Depths:3)
  2 caustic shrikes (Depths:3)
  the Enchantress (Depths:3)
  2 tentacled monstrosities
  3 liches
  5 titans
  2 walking frostbound tomes
  Gastronok (D:12)
  3 quicksilver dragons
  2 sphinxes (Depths:4)
  Frances (Swamp:2)
  A draconian monk (Depths:4)
  2 thorn hunters
  Roxanne (Spider:3)
  9 tengu reavers
  6 fire giants
  4 storm dragons
  4 shadow dragons (Vaults:5)
  An iron dragon (Depths:3)
  4 frost giants
  A protean progenitor (Zot:1)
  3 emperor scorpions
  4 deep elf sorcerers
  9 vault wardens
  A deep elf elementalist (Abyss:2)
  A ghost moth (Spider:4)
  A balrug (Depths:2)
  A curse skull (Vaults:3)
  3 ghouls (Swamp:4)
  The ghost of Ecroc the Eclecticist, an adept DECj of Sif Muna (Depths:4)
  7 ironbound preservers
  6 spriggan defenders
  13 very ugly things
  An ironbound thunderhulk (Vaults:3)
  An orc warlord (Vaults:1)
  5 broodmothers
  2 formless jellyfish
  2 draconian stormcallers (Depths:4)
  11 stone giants
  2 vampire knights
  A black draconian (Depths:4)
  2 deep elf demonologists (Abyss:3)
  2 eleionomae (Swamp:4)
  A lorocyproca (Depths:2)
  A green draconian (Depths:2)
  2 purple draconians
  2 white draconians (Zot:1)
  11 spark wasps
  A war gargoyle (Vaults:4)
  3 bunyips
  2 dire elephants (Vaults:2)
  A yellow draconian (Depths:2)
  Snorg (D:13)
  5 ettins
  An orange crystal statue (WizLab)
  A shambling mangrove (Abyss:3)
  2 entropy weavers
  3 deep elf high priests
  6 fire dragons
  18 vault guards
  5 yaktaur captains
  2 rakshasas
  3 great orbs of eyes
  3 ice dragons
  Erolcha (Orc:2)
  Fannar (D:11)
  A peacekeeper (Vaults:4)
  3 ogre magi
  14 hydras
  5 ironbound frosthearts
  6 spriggan air magi
  2 ghost crabs
  2 jorogumos
  Erica (Lair:2)
  6 centaur warriors
  A two-headed ogre (shapeshifter) (Vaults:5)
  4 boulder beetles
  3 two-headed ogres
  11 alligators
  11 deep troll shamans
  9 deep troll earth magi
  6 demonic crawlers
  2 occultists (Depths:4)
  2 thrashing horrors (Abyss:2)
  A vampire mage (Swamp:2)
  2 soul eaters
  11 death yaks
  Sonja (D:11)
  10 spriggan berserkers
  2 sun demons (Depths:1)
  5 hell knights
  6 iron trolls
  A bunyip zombie (Swamp:3)
  2 skysharks (Lair:5)
  6 pharaoh ants
  A sixfirhy (Abyss:3)
  8 flayed ghosts
  2 spriggan druids
  5 orb spiders
  5 arcanists
  3 goliath frogs
  A death drake (Depths:2)
  5 glowing orange brains
  35 deep trolls
  10 swamp dragons
  12 lindwurms
  4 bog bodies
  15 ironbound convokers
  3 sun moths
  4 phantasmal warriors
  A golden dragon skeleton (Depths:3)
  3 harpies (Vaults:1)
  An alligator zombie (Swamp:3)
  20 wolf spiders
  7 steelbarb worms
  4 deep elf pyromancers
  3 necromancers
  5 orc knights
  13 ugly things
  An orc sorcerer (Orc:2)
  3 cyclopes
  A stone giant zombie (Vaults:4)
  2 manticores (D:15)
  2 will-o-the-wisps
  4 worldbinders (Abyss:3)
  16 elephants
  7 meliai
  4 moths of wrath
  7 kobold blastminers
  Joseph (D:9)
  5 black mambas (Lair:5)
  A molten gargoyle (Lair:5)
  A smoke demon (Abyss:3)
  12 vault sentinels
  4 torpor snails
  A water nymph (Abyss:3)
  A gargoyle (D:10)
  7 cane toads
  Jeremiah (D:7)
  7 yaktaurs
  2 freezing wraiths (Vaults:5)
  2 rime drakes (Depths:2)
  6 komodo dragons
  An efreet (D:14)
  3 tengu conjurers
  2 polar bears
  7 tyrant leeches
  2 bloated husks
  A hydra zombie (Swamp:3)
  6 trolls
  A wind drake (shapeshifter) (Vaults:5)
  A queen bee (shapeshifter) (D:15)
  18 hornets
  2 glass eyes
  15 tarantellas
  Prince Ribbit (D:7)
  An iron dragon simulacrum (Depths:3)
  21 jumping spiders
  A centaur simulacrum (D:15)
  2 shadows
  A ynoxinul (Abyss:2)
  3 water elementals
  15 culicivoras
  2 small abominations (Abyss:2)
  4 wyverns
  17 slime creatures
  15 spriggans
  A wraith (D:9)
  2 wargs (Orc:2)
  9 yaks
  9 vampire mosquitoes
  A fire elemental (Spider:2)
  5 basilisks
  A steam dragon (Lair:5)
  49 redbacks
  Menkaure (D:7)
  2 acid dragons
  17 swamp worms
  Edmund (D:4)
  9 water moccasins
  8 hell hounds
  2 ice beasts
  3 laughing skulls
  5 swamp drakes
  4 black bears
  3 sky beasts
  38 orc warriors
  6 ogres
  12 wolves
  9 centaurs
  2 phantoms
  A kobold brigand (D:8)
  9 bullfrogs
  2 elf zombies (Ossuary)
  A brain worm (shapeshifter) (D:15)
  A gnoll sergeant (D:10)
  3 scorpions (D:5)
  A glowing shapeshifter simulacrum (Depths:3)
  3 killer bees (D:7)
  3 howler monkeys
  5 electric eels
  3 lava snakes (Lair:5)
  A bombardier beetle (D:5)
  4 human zombies (Ossuary)
  7 hounds
  5 jellies
  10 orc priests
  5 sleepcaps
  4 iguanas
  19 orc wizards
  6 hound zombies (Ossuary)
  2 mummies (Ossuary)
  12 gnolls
  5 adders
  A shadow imp (D:4)
  3 white imps
  8 adder zombies (Ossuary)
  A ribbon worm (D:2)
  A dart slug (D:2)
  62 orcs
  5 ball pythons
  10 bats
  5 endoplasms
  2 giant cockroaches
  8 gnoll zombies (Ossuary)
  7 goblins
  7 hobgoblins
  4 jackals (D:1)
  3 quokkas
  5 frilled lizards
  3 jackal zombies (Ossuary)
  15 kobolds
  A kobold zombie (Ossuary)
  4 orc zombies (Ossuary)
  A rat (D:1)
1228 creatures vanquished.

Vanquished Creatures (collateral kills)
  Mennas (Vaults:2)
  A juggernaut (Depths:3)
  Margery (Vaults:3)
  2 caustic shrikes (Depths:3)
  3 golden dragons
  5 tentacled monstrosities
  2 titans (Depths:3)
  2 sphinxes
  A searing wretch (Vaults:3)
  An ancient champion (Vaults:3)
  A death cob (Zot:1)
  4 tengu reavers
  2 storm dragons
  4 shadow dragons
  Aizul (Swamp:1)
  A protean progenitor (Zot:1)
  3 draconian scorchers
  A draconian knight (Zot:1)
  2 frost giants
  A deep elf sorcerer (Vaults:5)
  An iron dragon (Vaults:5)
  3 fire giants
  3 vault wardens (Vaults:5)
  2 balrugs (Depths:1)
  An orc warlord (Vaults:2)
  2 draconian stormcallers (Depths:4)
  4 ghouls
  7 very ugly things
  3 ironbound thunderhulks (Vaults:3)
  A formless jellyfish (Vaults:4)
  10 ironbound preservers
  3 spriggan defenders
  9 stone giants
  A reaper (Depths:1)
  An eleionoma (Swamp:3)
  3 broodmothers (Spider:4)
  A deep elf death mage (Vaults:1)
  A vampire knight (Depths:2)
  3 bunyips
  A deep elf demonologist (Vaults:5)
  A black draconian (Zot:1)
  A deep elf annihilator (Vaults:5)
  3 yellow draconians
  3 white draconians
  A red draconian (Depths:4)
  Azrael (Spider:2)
  6 spark wasps
  A purple draconian (Zot:1)
  A crystal guardian (Vaults:3)
  4 ettins
  2 shambling mangroves
  2 fire dragons (Depths:4)
  2 yaktaur captains (Vaults:2)
  3 deep elf high priests
  A great orb of eyes (Vaults:3)
  15 vault guards
  5 ice dragons
  6 entropy weavers
  2 ogre magi
  A peacekeeper (Vaults:3)
  A catoblepas (Lair:5)
  5 ironbound frosthearts
  A jorogumo (Spider:4)
  3 hydras
  2 alligators
  4 spriggan air magi
  2 boulder beetles
  A satyr (Abyss:3)
  4 centaur warriors (Vaults:3)
  2 two-headed ogres
  A deep troll earth mage (Depths:3)
  4 tengu warriors
  4 hell hogs (Depths:1)
  3 demonic crawlers
  Urug (D:13)
  2 death yaks (Lair:4)
  7 deep troll shamans
  An occultist (Depths:3)
  4 spriggan berserkers
  A soul eater (Depths:1)
  A shock serpent (shapeshifter) (Depths:3)
  A storm dragon zombie (Depths:3)
  2 hell knights (Vaults:3)
  A sun demon (Depths:1)
  2 pharaoh ants
  A deep troll (shapeshifter) (Depths:4)
  3 skeletal warriors
  3 orb spiders (Spider:4)
  A sun moth (Zot:1)
  22 deep trolls
  2 arcanists
  A glowing orange brain (shapeshifter) (Depths:3)
  2 flayed ghosts (Depths:3)
  A glowing orange brain (Depths:1)
  A spriggan rider (Swamp:3)
  3 swamp dragons
  A steelbarb worm (Spider:4)
  2 bog bodies
  8 lindwurms
  An alligator zombie (Swamp:3)
  5 orc knights
  11 ironbound convokers
  2 harpies (Vaults:1)
  3 phantasmal warriors (Vaults:5)
  A necromancer (Depths:3)
  8 wolf spiders
  An orc sorcerer (Orc:1)
  2 will-o-the-wisps
  15 ugly things
  A cyclops (D:13)
  A salamander (D:15)
  An oklob plant (Depths:2)
  6 moths of wrath
  A faun (shapeshifter) (Vaults:5)
  Maurice (D:11)
  5 meliai
  2 elephants
  A water nymph (Abyss:3)
  A black mamba (Lair:5)
  2 smoke demons (Depths:1)
  A molten gargoyle (Lair:5)
  A torpor snail (Spider:1)
  2 kobold blastminers (Orc:2)
  9 vault sentinels
  3 cane toads
  A cane toad (shapeshifter) (Depths:2)
  A freezing wraith (Vaults:3)
  3 rime drakes
  An unseen horror (Abyss:2)
  5 komodo dragons
  4 yaktaurs
  An efreet (D:14)
  3 hydra zombies (Swamp:3)
  A troll (Orc:1)
  4 tarantellas
  8 hornets
  3 tyrant leeches (Swamp:2)
  4 blink frogs (Lair:5)
  A deep troll zombie (Vaults:4)
  25 slime creatures
  A culicivora (shapeshifter) (Vaults:5)
  2 wyverns
  6 jumping spiders
  A shadow (D:13)
  12 spriggans
  3 culicivoras (Spider:4)
  15 yaks
  A wraith (Abyss:2)
  4 basilisks
  Grum (D:11)
  A neqoxec (Abyss:2)
  A steam dragon (Lair:5)
  8 vampire mosquitoes
  17 redbacks
  2 swamp worms
  An acid dragon (D:11)
  2 water moccasins (Lair:4)
  3 hell hounds
  2 swamp drakes
  8 orc warriors
  An ogre (D:15)
  2 wolves
  5 centaurs
  An elf simulacrum (Vaults:4)
  2 bullfrogs
  A gnoll sergeant (D:8)
  An orc priest (Orc:2)
  2 lava snakes (Lair:5)
  4 orc wizards
  A hound zombie (Ossuary)
  20 orcs
  A kobold (D:8)
555 creatures vanquished.

Vanquished Creatures (others)
  A frost giant (Depths:2)
  An entropy weaver (Vaults:4)
  A deep troll (Vaults:1)
  A hellion (Abyss:3)
  An unseen horror (D:13)
  A bloated husk (Swamp:4)
  A tyrant leech (Swamp:2)
  2 orc warriors (Orc:2)
  68 battlemagi
  An orc wizard (Orc:1)
  An orc (Orc:2)
  16 foxfires
95 creatures vanquished.

Grand Total: 1878 creatures vanquished

Notes
Turn   | Place    | Note
-------+----------+-------------------------------------------
     0 | D:1      | ballabu the Demonspawn Gladiator began the quest for the
                  | Orb.
     0 | D:1      | Reached XP level 1. HP: 16/16 MP: 1/1
   123 | D:1      | Noticed a +0 demon blade
   135 | D:1      | Gained mutation: Your touch may inflict minor irresistible
                  | damage on your foes. [demonic ancestry]
   135 | D:1      | Reached XP level 2. HP: 21/22 MP: 2/2
   168 | D:1      | Found Kuk Vecury's Weapon Boutique.
   170 | D:1      | Noticed a +0 demon trident
   552 | D:1      | Reached XP level 3. HP: 28/28 MP: 3/3
   777 | D:2      | You fall into a shaft and drop 1 floor!
   792 | D:3      | Found a large runed translucent door.
  2469 | D:3      | Found a large runed translucent door.
  2470 | D:3      | Noticed RedFox's ghost (weakling MDFi)
  2595 | D:4      | Found Favoo's Book Shop.
  2614 | D:4      | Noticed a black bear
  2633 | D:4      | Killed a black bear
  2634 | D:4      | Reached skill level 3 in Fighting
  2634 | D:4      | Gained mutation: You regenerate magic rapidly. [demonic
                  | ancestry]
  2634 | D:4      | Reached XP level 4. HP: 18/35 MP: 4/4
  2634 | D:4      | Reached XP level 5. HP: 21/41 MP: 5/5
  2775 | D:4      | Found a sand-covered staircase.
  2800 | Ossuary  | Entered an ossuary
  3315 | Ossuary  | Gained mutation: A weak demonic guardian rushes to your
                  | aid. [demonic ancestry]
  3315 | Ossuary  | Reached XP level 6. HP: 22/47 MP: 6/6
  3742 | Ossuary  | Gained mutation: You are partially covered in slimy green
                  | scales. (AC +2) [demonic ancestry]
  3742 | Ossuary  | Reached XP level 7. HP: 38/53 MP: 7/7
  3754 | Ossuary  | Reached skill level 4 in Fighting
  3853 | D:4      | Reached skill level 5 in Throwing
  3884 | D:4      | Reached skill level 5 in Long Blades
  4263 | D:4      | Noticed Edmund
  4280 | D:4      | Killed Edmund
  4438 | D:4      | Found a runed translucent gate.
  4438 | D:4      | Found a runed translucent gate.
  4438 | D:4      | Found a runed translucent gate.
  4439 | D:4      | Noticed flt's ghost (amateur TrDe)
  4644 | D:4      | Found a staircase to the Ecumenical Temple.
  4790 | Temple   | Entered the Ecumenical Temple
  4949 | D:4      | Reached XP level 8. HP: 38/61 MP: 8/8
  5304 | D:5      | Entered Level 5 of the Dungeon
  5435 | D:5      | Reached skill level 5 in Fighting
  5647 | D:5      | Identified the +8 mace "Kyshak" {heavy, rElec rCorr}
  6820 | D:6      | Reached skill level 6 in Fighting
  7111 | D:6      | Gained mutation: You are mostly covered in slimy green
                  | scales. (AC +3) [demonic ancestry]
  7111 | D:6      | Reached XP level 9. HP: 69/69 MP: 9/9
  7606 | D:6      | Found an ornate altar of the Wu Jian Council.
  7606 | D:6      | Found a shimmering blue altar of Sif Muna.
  8339 | D:7      | Noticed Prince Ribbit
  8350 | D:7      | Killed Prince Ribbit
  8351 | D:7      | Reached skill level 7 in Fighting
  8364 | D:7      | Noticed Jeremiah
  8424 | D:7      | Killed Jeremiah
  8448 | D:7      | Noticed Menkaure
  8459 | D:7      | Killed Menkaure
  9685 | D:8      | Reached skill level 10 in Long Blades
  9734 | D:8      | Reached skill level 8 in Fighting
  9767 | D:8      | Reached XP level 10. HP: 63/80 MP: 10/10
  9813 | D:8      | Found a flagged portal.
  9822 | Bailey   | Entered a bailey
 10026 | Bailey   | Noticed an orc knight
 10205 | Bailey   | Killed an orc knight
 10504 | Bailey   | Found a large runed translucent door.
 10504 | Bailey   | Found a large runed translucent door.
 10505 | Bailey   | Noticed a deep elf pyromancer
 10578 | Bailey   | Killed a deep elf pyromancer
 11335 | D:9      | Reached skill level 9 in Fighting
 12969 | D:9      | Found a staircase to the Lair.
 13413 | D:9      | Found a hazy altar of Hepliaklqana.
 13420 | D:9      | Became a worshipper of Hepliaklqana the Forgotten
 13894 | D:9      | Noticed Joseph
 13908 | D:9      | Killed Joseph
 14289 | D:9      | Reached XP level 11. HP: 68/89 MP: 11/11
 14995 | D:10     | Entered Level 10 of the Dungeon
 15135 | D:10     | Got Diasm's Compilation of the Numb Fairies
 15441 | D:10     | Reached * piety under Hepliaklqana
 16478 | D:11     | Noticed Maurice
 16492 | D:11     | Killed Maurice
 16577 | D:11     | Noticed Fannar
 16591 | D:11     | Killed Fannar
 16592 | D:11     | Reached skill level 10 in Fighting
 16816 | D:11     | Identified the +1 flail "Juitt" {flame, rN+ Will+}
 16821 | D:11     | Found a staircase to the Orcish Mines.
 16843 | D:11     | Reached ** piety under Hepliaklqana
 16844 | D:11     | Remembered your ancestor Vilefoul the Rat as a battlemage
 16858 | D:11     | Noticed Sonja
 16861 | D:11     | Paralysed by Sonja for 3 turns
 16868 | D:11     | Killed Sonja
 16929 | D:11     | Noticed Grum
 16933 | D:11     | Killed Grum
 17037 | D:11     | Noticed a boulder beetle
 17059 | D:11     | Killed a boulder beetle
 17879 | Lair:1   | Entered Level 1 of the Lair of Beasts
 18070 | Lair:1   | Identified the +1 falchion of Zin's Whim {flame, rC+ Will+
                  | Int+2}
 19207 | Lair:1   | Reached skill level 11 in Fighting
 19253 | Lair:1   | Gained mutation: When hurt, damage is shared between your
                  | health and your magic reserves. [demonic ancestry]
 19253 | Lair:1   | Reached XP level 12. HP: 46/90 MP: 12/12
 19858 | Lair:1   | Reached skill level 12 in Fighting
 19940 | Lair:2   | Noticed a death yak
 19944 | Lair:2   | Noticed a death yak
 19955 | Lair:1   | Killed a death yak
 19982 | Lair:2   | Reached *** piety under Hepliaklqana
 20157 | Lair:2   | Found a staircase to the Swamp.
 20217 | Lair:2   | Noticed an eight-headed hydra
 20229 | Lair:2   | Killed a seven-headed hydra
 20230 | Lair:2   | Reached skill level 13 in Fighting
 20314 | Lair:2   | Noticed Erica
 20322 | Lair:2   | Killed Erica
 20323 | Lair:2   | Reached skill level 1 in Armour
 20323 | Lair:2   | Reached skill level 1 in Stealth
 20727 | Lair:2   | Noticed a death yak
 20753 | Lair:2   | Killed a death yak
 20757 | Lair:2   | Killed a death yak
 20959 | Lair:2   | Found a hole to the Spider Nest.
 21499 | Lair:3   | Reached skill level 5 in Dodging
 21634 | Lair:3   | Reached **** piety under Hepliaklqana
 22067 | Lair:4   | Noticed a death yak
 22067 | Lair:4   | Noticed a death yak
 22067 | Lair:4   | Noticed a death yak
 22067 | Lair:4   | Noticed a death yak
 22067 | Lair:4   | Noticed a death yak
 22067 | Lair:4   | Noticed a death yak
 22105 | Lair:4   | Gained mutation: A demonic guardian rushes to your aid.
                  | [demonic ancestry]
 22105 | Lair:4   | Reached XP level 13. HP: 98/99 MP: 13/13
 22137 | Lair:3   | Reached skill level 5 in Stealth
 22629 | Lair:3   | Reached skill level 5 in Armour
 22705 | Lair:4   | Reached skill level 1 in Invocations
 22746 | Lair:4   | Identified the +8 mace of Tartarus {distort, rF+ Will+
                  | Str+4 Int-4}
 23246 | Lair:3   | Reached skill level 5 in Invocations
 23890 | Lair:5   | Entered Level 5 of the Lair of Beasts
 24048 | Lair:5   | Reached ***** piety under Hepliaklqana
 24225 | Lair:5   | Found a bloodstained altar of Trog.
 24465 | Lair:5   | Reached skill level 10 in Invocations
 24494 | Lair:5   | Gained mutation: Your hexes are more powerful. [demonic
                  | ancestry]
 24494 | Lair:5   | Reached XP level 14. HP: 33/106 MP: 20/21
 25444 | Lair:5   | Found a viscous altar of Jiyva.
 25445 | Lair:5   | Found a staircase to the Slime Pits.
 25723 | Lair:5   | Found a large runed translucent door.
 25723 | Lair:5   | Found a large runed translucent door.
 25944 | Lair:5   | Identified the amulet of Doubts {Reflect rPois Int+3 SH+5
                  | SInv}
 26488 | Orc:1    | Entered Level 1 of the Orcish Mines
 27082 | Orc:1    | Found Duytank's Specific Store.
 27092 | Orc:1    | Found Wesalu's General Store.
 27203 | Orc:2    | Entered Level 2 of the Orcish Mines
 27396 | Orc:2    | Found a staircase to the Elven Halls.
 27409 | Orc:2    | Noticed Erolcha
 27423 | Orc:2    | Killed Erolcha
 28202 | Orc:2    | Found Nouhom's Magic Scroll Shop.
 28203 | Orc:2    | Found Vamogiem's Armour Shoppe.
 28203 | Orc:2    | Found Michucku's General Store.
 28257 | Orc:2    | Found Boump's Book Emporium.
 28262 | Orc:2    | Bought the amulet of the Four Winds {rN+ Will+++ Clar} for
                  | 849 gold pieces
 28262 | Orc:2    | Found the amulet of the Four Winds {rN+ Will+++ Clar}
 28262 | Orc:2    | Bought 2 potions of haste for 280 gold pieces
 28262 | Orc:2    | Bought 6 curare-tipped darts for 100 gold pieces
 28264 | Orc:2    | Bought a scroll of teleportation for 54 gold pieces
 28264 | Orc:2    | Bought a scroll of blinking for 135 gold pieces
 28264 | Orc:2    | Bought a scroll of teleportation for 54 gold pieces
 28264 | Orc:2    | Bought a scroll of fear for 72 gold pieces
 28269 | Orc:2    | Bought a book of Iron for 512 gold pieces
 28459 | Orc:2    | Learned a level 5 spell: Lee's Rapid Deconstruction
 28673 | D:12     | Identified the +1 scale mail of Acsuiquf {Harm rC- Dex+5
                  | SInv}
 28840 | D:12     | Found a portal to a secret trove of treasure.
 28844 | D:12     | You paid a toll of 4 scrolls of blinking to enter a
                  | treasure trove
 28845 | Trove    | Entered a treasure trove
 28847 | Trove    | Found the +1 cloak of Starlight {*Dazzle EV+4 Stlth--}
 28857 | Trove    | Identified the +0 cloak "Kynokoa" {Str+4 Int+3 Dex+2}
 28863 | Trove    | Identified the +1 helmet "Ytwatima" {rF+ Str-4 Dex+3}
 28865 | Trove    | Identified the +0 hat of Xicorr {rC++ rN++ Dex+3}
 28882 | Trove    | Identified the +1 pair of gloves "Jyvakhue" {+Inv Fly
                  | rPois}
 28883 | Trove    | Identified the +2 pair of gloves of Wakh {Harm Rampage
                  | rPois Str+8}
 29229 | D:12     | Noticed Gastronok
 29521 | D:12     | Killed Gastronok
 29522 | D:12     | Reached skill level 10 in Stealth
 30069 | D:13     | Reached skill level 1 in Spellcasting
 30472 | D:13     | Found a gate to the Vaults.
 30472 | D:13     | Noticed an ironbound preserver
 30482 | D:13     | Killed an ironbound preserver
 30712 | D:13     | Noticed Snorg
 30721 | D:13     | Gained mutation: Your touch may inflict irresistible damage
                  | on your foes. [demonic ancestry]
 30721 | D:13     | Reached XP level 15. HP: 104/110 MP: 25/25
 30728 | D:13     | Reached skill level 5 in Spellcasting
 30734 | D:13     | Killed Snorg
 30860 | D:13     | Noticed Urug
 30867 | D:13     | Killed Urug
 31731 | D:14     | Found a shadowy altar of Dithmenos.
 31862 | D:15     | Entered Level 15 of the Dungeon
 31983 | D:15     | Reached skill level 1 in Earth Magic
 32289 | D:15     | Found a broken altar of Ashenzari.
 32472 | D:15     | Found an ancient bone altar of Kikubaaqudgha.
 32513 | D:15     | Found a staircase to the Depths.
 32580 | Depths:1 | Entered Level 1 of the Depths
 32615 | Depths:1 | Found a one-way gateway to a ziggurat.
 32615 | Depths:1 | Noticed a daeva
 32637 | Depths:1 | Noticed a fire giant
 32651 | Depths:1 | Killed a fire giant
 33100 | Swamp:1  | Entered Level 1 of the Swamp
 33723 | Swamp:1  | Reached skill level 5 in Earth Magic
 33950 | Swamp:1  | Found a sacrificial altar of Ru.
 35830 | Swamp:2  | Noticed Frances
 35834 | Swamp:2  | Reached skill level 10 in Spellcasting
 36246 | Swamp:2  | Killed Frances
 36268 | Swamp:2  | Gained mutation: Your touch may irresistibly damage your
                  | foes and sap their willpower. [demonic ancestry]
 36268 | Swamp:2  | Reached XP level 16. HP: 117/117 MP: 30/30
 36303 | Swamp:2  | Identified the serpent talisman of Resourcefulness {rN+}
 36303 | Swamp:2  | Noticed Aizul
 36354 | Swamp:1  | Killed Aizul
 37326 | Swamp:3  | Noticed a thorn hunter
 37330 | Swamp:3  | Killed a thorn hunter
 38659 | Swamp:4  | Entered Level 4 of the Swamp
 39430 | Swamp:4  | Noticed the 27-headed Lernaean hydra
 40434 | Swamp:4  | Got a decaying rune of Zot
 40748 | Spider:1 | Entered Level 1 of the Spider Nest
 40801 | Spider:1 | Gained mutation: When low on magic, you restore magic in
                  | place of health. [demonic ancestry]
 40801 | Spider:1 | Reached XP level 17. HP: 122/122 MP: 31/31
 41854 | Spider:2 | You are sucked into a shaft and drop 1 floor!
 41854 | Spider:3 | Noticed Roxanne
 42808 | Spider:3 | Killed Roxanne
 43415 | Spider:2 | Reached skill level 10 in Armour
 43430 | Spider:2 | Reached skill level 10 in Dodging
 44074 | Spider:3 | Noticed Azrael
 44114 | Spider:2 | Killed Azrael
 45295 | Spider:4 | Entered Level 4 of the Spider Nest
 45520 | Spider:4 | Identified the +6 ring mail "Gybufor" {Rampage Int+4}
 45983 | Spider:4 | Reached ****** piety under Hepliaklqana
 46137 | Spider:4 | Gained mutation: Your melee attacks may debilitate your
                  | foes. [demonic ancestry]
 46137 | Spider:4 | Reached XP level 18. HP: 119/128 MP: 26/32
 47300 | Spider:4 | Got a gossamer rune of Zot
 47306 | Spider:4 | Identified the +0 hat "Usuteuk" {rPois}
 47307 | Spider:4 | Identified the +2 hat of Hepliaklqana's Pride {Regen+ rCorr
                  | Int+2 Stlth+}
 47336 | Spider:4 | Reached XP level 19. HP: 134/134 MP: 33/33
 47786 | Vaults:1 | Entered Level 1 of the Vaults
 47980 | Vaults:1 | Reached skill level 15 in Stealth
 49222 | Vaults:2 | Noticed Mennas
 49249 | Vaults:2 | Killed Mennas
 49576 | Vaults:2 | Gained mutation: You are surrounded by an aura of silence.
                  | [demonic ancestry]
 49576 | Vaults:2 | Reached XP level 20. HP: 113/140 MP: 29/34
 49982 | Vaults:2 | You fall into a shaft and drop 1 floor!
 50124 | Vaults:3 | Noticed Margery
 50147 | Vaults:3 | Killed Margery
 50606 | Vaults:3 | Found Houjeh's Jewellery Shoppe.
 50619 | Vaults:3 | Bought a ring of Pemeckae {rC+ rCorr Int+3} for 570 gold
                  | pieces
 51385 | Vaults:2 | Found Piukaq's Magic Scroll Boutique.
 51393 | Vaults:2 | Bought a scroll of fear for 80 gold pieces
 51393 | Vaults:2 | Bought a scroll of butterflies for 80 gold pieces
 51393 | Vaults:2 | Bought a scroll of teleportation for 60 gold pieces
 51393 | Vaults:2 | Bought a scroll of teleportation for 60 gold pieces
 51536 | Vaults:2 | Reached skill level 15 in Invocations
 52772 | Vaults:3 | Identified the +4 trident "Hydraslayer" {vamp, Will+}
 52773 | Vaults:3 | Identified the staff "Kymaosch" {Conj Earth}
 52805 | Vaults:3 | Found a staircase to the Crypt.
 53927 | Vaults:4 | Found a flickering gateway to a bazaar.
 53957 | Bazaar   | Entered a bazaar
 53957 | Bazaar   | Found Qaifuo's General Store.
 53965 | Bazaar   | Found Ebeng's Antique Armour Shop.
 53987 | Bazaar   | Bought a scroll of enchant weapon for 82 gold pieces
 53987 | Bazaar   | Bought a scroll of teleportation for 33 gold pieces
 53993 | Bazaar   | Found Healurgh's Antique Weapon Shop.
 54088 | Vaults:4 | Found a magical portal.
 54108 | WizLab   | Entered Wucad Mu's Monastery
 54340 | WizLab   | Found the crystal ball of Wucad Mu {*channel}
 54386 | WizLab   | Reached XP level 21. HP: 64/145 MP: 33/35
 56374 | Vaults:5 | Entered Level 5 of the Vaults
 56612 | Vaults:4 | Reached XP level 22. HP: 56/153 MP: 35/37
 58996 | Vaults:5 | Got Sif Muna's Handbook of the Mountains
 59144 | Vaults:5 | Reached skill level 14 in Fighting
 59224 | Vaults:5 | Identified the +0 plate armour "Komakhlu" {Harm rCorr}
 59462 | Vaults:5 | Got a silver rune of Zot
 59687 | Vaults:5 | Got Totiwool's Parchment of the Mortal Tropics
 59746 | Vaults:5 | Reached skill level 15 in Spellcasting
 59781 | Vaults:5 | Identified the orb of Verdant Knowledge {*channel, Dex+5}
 59781 | Vaults:5 | Noticed Frederick
 60216 | Vaults:5 | Killed Frederick
 60817 | Vaults:5 | Noticed a dread lich
 60832 | Vaults:5 | Killed a dread lich
 60833 | Vaults:5 | Reached skill level 15 in Fighting
 60913 | Vaults:5 | Noticed an ancient lich
 60923 | Vaults:5 | Killed an ancient lich
 61019 | Vaults:5 | Got Taegrar's Treatise on Freezing Scree
 61026 | Vaults:5 | Got the Essays on Concoctions and Shifting
 61040 | Vaults:5 | Identified the +2 robe "Alohos" {Fly Regen+ Int-5 Dex+6}
 61042 | Vaults:5 | Identified the +11 battleaxe of Erphyudy {venom, rElec rC+
                  | Str+4 Int-3}
 61052 | Vaults:5 | Identified the ring of Propriety {rN+ Will+}
 61134 | Vaults:5 | Identified the amulet "Naremain" {Spirit rElec Will+ Str-3
                  | SInv}
 61161 | Vaults:5 | Reached skill level 16 in Fighting
 61275 | Vaults:5 | Identified the ring "Impenise" {Will+ Stlth+}
 61289 | Vaults:5 | Identified the amulet of Agetun {+Inv RegenMP+}
 62091 | Depths:1 | Found a gateway to Hell.
 62126 | Depths:1 | Reached XP level 23. HP: 120/166 MP: 32/43
 62439 | Depths:1 | Reached skill level 17 in Fighting
 63939 | Depths:2 | Found a one-way gate to the infinite horrors of the Abyss.
 64197 | Depths:2 | Reached skill level 15 in Armour
 64298 | Depths:2 | Found a one-way gate leading to the halls of Pandemonium.
 64352 | Depths:2 | Reached skill level 15 in Dodging
 64643 | Depths:2 | Reached skill level 18 in Fighting
 64651 | Depths:2 | Identified the +6 scimitar of Lies {drain, Int+5 Dex+2
                  | Stlth+}
 66070 | Depths:2 | Identified the +4 great mace of Courage {antimagic, Fly rF+
                  | rN+ Str-4}
 66074 | Depths:2 | Identified the +2 dagger of the Girdle {venom, Will+++}
 66085 | Depths:2 | Identified a ring of Secrets {*Slow +Blink rC+ Int+5 SInv}
 66097 | Depths:2 | Got the Cyclopedia of Soot and Geology
 66104 | Depths:2 | Identified the +6 hand axe of Fragile Peace {protect, rElec
                  | rF+ rCorr Dex-4}
 66115 | Depths:2 | Got Losiatt's Advanced Guide to Witchcraft
 66614 | Depths:3 | Noticed a caustic shrike
 66614 | Depths:3 | Noticed a caustic shrike
 66738 | Depths:3 | Reached XP level 24. HP: 172/179 MP: 41/43
 67215 | Depths:3 | Noticed a juggernaut
 67241 | Depths:3 | Killed a juggernaut
 67249 | Depths:3 | Reached skill level 19 in Fighting
 67253 | Depths:3 | Noticed a juggernaut
 67261 | Depths:3 | Killed a juggernaut
 67584 | Depths:3 | Noticed the Enchantress
 67814 | Abyss:2  | Cast into level 2 of the Abyss (the Enchantress)
 68100 | Abyss:3  | Found a corrupted altar of Lugonu.
 68230 | Abyss:3  | Got an abyssal rune of Zot
 68259 | Depths:3 | Escaped the Abyss
 68403 | Depths:3 | Killed the Enchantress
 68648 | Depths:4 | Entered Level 4 of the Depths
 69156 | Depths:4 | Found a gate to the Realm of Zot.
 69276 | Depths:4 | Found a runed translucent door.
 69276 | Depths:4 | Noticed Ecroc's ghost (adept DECj)
 69303 | Depths:4 | Killed Ecroc's ghost
 69526 | Depths:4 | Reached skill level 20 in Fighting
 69577 | Depths:4 | Gained mutation: You are completely covered in slimy green
                  | scales. (AC +4, rPois) [demonic ancestry]
 69577 | Depths:4 | Reached XP level 25. HP: 186/188 MP: 43/43
 69635 | Depths:4 | Found Helil's Book Boutique.
 69954 | Zot:1    | Entered Level 1 of the Realm of Zot
 70146 | Zot:1    | Found the +4 dragonskin cloak {Aegis}
 70146 | Zot:1    | Noticed Tiamat
 70212 | Zot:1    | Paralysed by a jorogumo for 3 turns
 70213 | Zot:1    | HP: 4/187 [Tiamat/+0 glaive of freezing (10)]
 70213 | Zot:1    | HP: 1/187 [jorogumo[a protean progenitor] (2)]
 70213 | Zot:1    | Demolished by Tiamat

Illustrated notes

Levels and vault maps discovered:
D:1:      elethiomel_arrival_infinity_welcomes_careful_drivers, layout_basic,
          serial_shops, nicolae_shop_mannequins, st_stairs_8
D:2:      layout_basic, serial_corexii_hall, corexii_hall_statues_deadend,
          chequers_hall_statues_y
D:3:      layout_basic, ebering_ghost_disaster_area, minmay_goblin_outpost
D:4:      layout_basic, minmay_temple_entry_antechambers,
          nicolae_ossuary_entry_false_entrances, gammafunk_ghost_necromancy,
          serial_shops, nicolae_stop_n_shop_1, dreamdust_wishing_well,
          uniq_edmund
D:5:      old_forge, layout_gridville, chequers_serial_rivers_small_b
D:6:      layout_loops_cross, gammafunk_temple_overflow_pools, minivault_5
D:7:      layout_layer_cave, uniq_prince_ribbit1, uniq_menkaure, uniq_jeremiah
D:8:      layout_gridville, enter_bailey_6
D:9:      layout_layer_cave, lemuel_round_altar, erik_lair_island, uniq_joseph
D:10:     minmay_klotski, layout_loops_corners,
          amcnicky_mini_rare_corridor_liquid
D:11:     layout_layer_cave, orc_0_dummy, uniq_grum, uniq_sonja, uniq_fannar,
          uniq_maurice
D:12:     layout_rooms, enter_trove_5, uniq_gastronok
D:13:     layout_roguey, skrybe_vaults_entry_preservation, uniq_urug, uniq_snorg
D:14:     layout_roguey, grunt_dithmenos_shadows
D:15:     hangedman_depths_entry_try_elsewhere_first, layout_cave_pools,
          nicolae_ashenzari_skybound, kiku_gazebo_pond_becter
Temple:   compressed_dpeg_triangle_lava_temple
Lair:1:   layout_cave_pods, nicolae_lair_lil_pond, serial_bayou_lake_a
Lair:2:   layout_gridlike, minmay_swamp_entry_worms, dummy_spider_entry,
          uniq_erica
Lair:3:   layout_chaotic_city
Lair:4:   layout_cave_pods
Lair:5:   cheibrodos_lair_end_hotspot, layout_gridlike, slime_entry_1,
          nicolae_volcano_entry_vermiform, gauntlet_entry_generic, basic_altar
Swamp:1:  layout_falls_marsh, evilmike_swamp_ruin_house_6,
          nicolae_swamp_fairy_circle, swamp_pool_1_2, lemuel_altar_in_water,
          nicolae_swamp_very_dense_foliage
Swamp:2:  layout_basic_swamp, hangedman_swamp_ruin_wall,
          cheibrodos_swamp_pet_leeches, uniq_frances, uniq_aizul
Swamp:3:  layout_basic_swamp, evilmike_swamp_ruin_house_4, swamp_pool_1_2,
          nicolae_swamp_necromancer_hut
Swamp:4:  swamp_old_school, layout_basic_swamp
Spider:1: layout_spider_delve, drop_trap, hangedman_spider_mandibles
Spider:2: layout_spider_delve, hangedman_spider_tarantella_strand
Spider:3: layout_spider_delve, uniq_roxanne, uniq_azrael
Spider:4: hellmonk_spider_rune_endless_swarm
Orc:1:    layout_diamond_mine, nicolae_specific_store
Orc:2:    st_orc_rangers, layout_diamond_mine, uniq_erolcha
Vaults:1: vaults_standard_mumra_x, v_rooms_2, ontoclasm_vaults_pinch,
          vaults_mumra_minichess, nicolae_vaults_octothorpe,
          nicolae_vaults_shelves_hall, nicolae_vaults_closet_pinwheel_5,
          vaults_room_grunt_arrival_checkpoint, nicolae_vaults_lightning_bolt,
          vaults_room_fancy_cross, hangedman_vaults_cutoff,
          nicolae_vaults_theta, layout_vaults_maze
Vaults:2: nicolae_vaults_stepped_doors, nicolae_vaults_more_shelving_1,
          ontoclasm_vaults_shout, nicolae_vaults_shelves_hall,
          layout_vaults_omnigrid, serial_shops, nicolae_shop_peninsula,
          uniq_mennas
Vaults:3: vaults_mumra_hex, nicolae_vaults_specimen_jars, v_misc_5,
          ontoclasm_vaults_hangar, nicolae_vaults_diffraction_hallways,
          vaults_room_semicircle, v_pattern_2, v_misc_4,
          minmay_crypt_entry_simple_statues, nicolae_vaults_double_plus_1,
          v_misc_4, vaults_dpeg_cross, nicolae_vaults_trapezoid_4,
          nicolae_vaults_house_2, nicolae_vaults_door_testing_chamber,
          nicolae_vaults_trapezoid_lopsided_4, layout_vaults_big_cross,
          serial_shops, nicolae_shop_advertising_works
          [nicolae_subvault_shop_adworks], uniq_margery
Vaults:4: mu_enter_wizlab_2, nicolae_vaults_closet_pinwheel_4,
          nicolae_vaults_mini_display_case, hangedman_vaults_restitches,
          vaults_room_fancy_cross, ontoclasm_vaults_shuriken, v_misc_19,
          nicolae_vaults_little_squares_4, nicolae_vaults_double_plus_1,
          v_misc_14, ontoclasm_vaults_ligature, grunt_vaults_hallway_short,
          layout_vaults_chaotic_city, serial_shops, bzr_entry_lakeside
Vaults:5: uniq_frederick
Depths:1: layout_basic, enter_ziggurat_d, hellmouth_2, glass_columns_a,
          st_stairs_4, minmay_gold_behind_fungi, minmay_crystal_water,
          kennysheep_generic_room_7
Depths:2: gold_lair_mu, layout_small_grid, minmay_holes, abyss_entry,
          rand_demon_pan_entry_7, pf_vacation_house_of_asmodeus,
          minmay_the_grid_square_5x5_3x3_mashed
          [minmay_the_grid_square_5x5_trominoes,
          minmay_the_grid_square_5x5_bridge,
          minmay_the_grid_square_5x5_three_small,
          minmay_the_grid_square_5x5_doubleslash,
          minmay_the_grid_square_5x5_megaprize_crossed,
          minmay_the_grid_square_5x5_two_walls_b, minmay_the_grid_square_5x5_z,
          minmay_the_grid_square_5x5_eight,
          minmay_the_grid_square_5x5_two_walls_a], infiniplex_staircase_spiral,
          serial_bayou_shore_b
Depths:3: grunt_runaround [grunt_runaround_loot, grunt_runaround_doors_1,
          grunt_runaround_doors_2, grunt_runaround_doors_3,
          grunt_runaround_doors_4], hell_entry, abyss_entry, uniq_enchantress
Depths:4: evilmike_zot_entry_argh, layout_cave_pools, serial_shops,
          nicolae_shop_peninsula, hangedman_abyss_or_decor_jellyfish_corner,
          nicolae_abyss_entry_one_way_or_another, hangedman_tar_grid_catacomb,
          gammafunk_ghost_grave
Zot:1:    layout_basic, grunt_ministairs_6, hangedman_elemental_grid_stream,
          uniq_tiamat

Skill      XL: |  1  2  3  4  5  6  7  8  9 10 11 12 13 14 15 16 17 18 19 20 21 22 23 24 |
---------------+-------------------------------------------------------------------------+-----
Throwing       | 2 3 4 5 6 |  6.0
Long Blades    | 3 4 5 7 10 12 14 | 14.0
Fighting       | 3 4 6 8 9 11 13 16 18 20 | 20.0
Armour         | 4 5 6 9 11 12 13 14 15 17 | 17.6
Dodging        | 5 6 9 11 13 14 15 17 | 17.5
Stealth        | 4 8 10 12 13 14 15 16 17 | 17.4
Invocations    | 10 14 16 | 16.8
Spellcasting   | 4 10 11 16 | 16.0
Earth Magic    | 6 |  6.0

Action                     |  1- 3 |  4- 6 |  7- 9 | 10-12 | 13-15 | 16-18 | 19-21 | 22-24 | 25-27 || total
---------------------------+-------+-------+-------+-------+-------+-------+-------+-------+-------++-------
  Melee: Long sword        |   132 |   171 |   303 |       |       |       |       |       |       ||   606
         Touch             |    25 |    30 |    83 |   153 |   214 |   192 |   226 |   466 |    33 ||  1422
         Dagger            |       |       |   126 |   339 |    12 |       |       |       |       ||   477
         Falchion          |       |       |       |   146 |    59 |       |       |       |       ||   205
         Scimitar          |       |       |       |    73 |   879 |   903 |   838 |   343 |       ||  3036
         Demon blade       |       |       |       |       |       |       |       |  1431 |   108 ||  1539
  Throw: Dart              |     4 |       |     3 |    23 |    16 |     6 |    14 |     2 |       ||    68
         Throwing net      |     3 |       |       |     1 |       |       |       |       |       ||     4
         Javelin           |     1 |       |     7 |    20 |    22 |     6 |    14 |       |       ||    70
   Cast: Lee's Rapid Decon |       |       |       |       |     4 |       |       |       |       ||     4
 Invoke: Recall Ancestor   |       |       |       |     1 |     5 |     7 |     9 |    13 |     1 ||    36
         Ancestor Life: Ba |       |       |       |     1 |       |       |       |       |       ||     1
         Ancestor Identity |       |       |       |     1 |       |       |       |       |       ||     1
         Idealise          |       |       |       |       |     4 |     6 |     5 |    10 |     3 ||    28
         Transference      |       |       |       |       |     1 |     1 |     2 |       |       ||     4
  Evoke: Wand              |       |       |     8 |    29 |     2 |    70 |     3 |       |       ||   112
         Phial of floods   |       |       |       |       |       |       |     1 |       |       ||     1
    Use: Scroll            |     7 |       |     6 |     8 |     5 |    12 |     4 |    22 |     2 ||    66
         Potion            |       |     5 |     3 |     3 |     7 |    12 |    13 |    10 |     2 ||    55
   Stab: Sleeping          |     3 |       |       |     6 |    16 |    14 |    21 |    14 |       ||    74
         Held in net/web   |     2 |       |     1 |       |       |       |       |       |       ||     3
         Invisible         |       |     3 |     2 |     1 |    20 |    74 |    27 |    65 |     6 ||   198
         Paralysed         |       |       |     3 |       |       |     2 |       |       |       ||     5
         Distracted        |       |       |       |     5 |    22 |    27 |    23 |    16 |     1 ||    94
         Petrified         |       |       |       |       |     2 |       |       |       |       ||     2
 Armour: Leather armour    |    80 |   152 |    50 |       |       |       |       |       |       ||   282
         Skin              |       |    12 |       |       |     5 |       |       |       |       ||    17
         Ring mail         |       |       |    18 |   295 |   510 |   128 |     5 |       |       ||   956
         Chain mail        |       |       |   290 |    35 |       |       |       |       |       ||   325
         Swamp dragon scal |       |       |       |       |       |   449 |   484 |   215 |       ||  1148
         Storm dragon scal |       |       |       |       |       |       |       |   989 |    91 ||  1080
  Dodge: Dodged            |   101 |   108 |   146 |   236 |   770 |  1204 |   815 |  1351 |    89 ||  4820
  Block: Other             |       |       |    33 |    87 |   127 |       |       |       |       ||   247
         Reflection        |       |       |     1 |     3 |    19 |       |       |       |       ||    23

Table legend: (Time is in decaauts)
 A = Elapsed time spent in this place.
 B = Non-inter-level travel time spent in this place.
 C = Inter-level travel time spent in this place.
 D = Time resting spent in this place.
 E = Time spent auto-exploring this place.
 F = Levels seen in this place.
 G = Mean time per level.
                   A        B        C        D        E       F      G
               +--------+--------+--------+--------+--------+-----+--------+
         Total |  68552 |  58936 |   9616 |  12204 |  33250 |  48 | 1428.2 |
       Dungeon |  21548 |  17325 |   4223 |   2464 |  12063 |  15 | 1436.5 |
        Temple |     17 |      2 |     15 |      0 |      0 |   1 |   17.0 |
          Lair |   8725 |   6774 |   1951 |    740 |   4524 |   5 | 1745.0 |
         Swamp |   6611 |   6236 |    375 |   2267 |   2937 |   4 | 1652.8 |
   Spider Nest |   6635 |   6269 |    366 |   2394 |   2498 |   4 | 1658.8 |
  Orcish Mines |   1976 |   1868 |    108 |    271 |   1141 |   2 |  988.0 |
        Vaults |  12843 |  10786 |   2057 |   2720 |   5509 |   5 | 2568.6 |
        Depths |   6884 |   6366 |    518 |    912 |   3539 |   4 | 1721.0 |
           Zot |    233 |    233 |      0 |      0 |    118 |   1 |  233.0 |
         Abyss |    392 |    392 |      0 |      0 |    220 |   2 |  196.0 |
        Bazaar |     58 |     58 |      0 |      0 |      0 |   1 |   58.0 |
         Trove |    182 |    182 |      0 |      0 |      2 |   1 |  182.0 |
       Ossuary |   1074 |   1074 |      0 |    431 |    260 |   1 | 1074.0 |
        Bailey |    833 |    833 |      0 |      0 |    143 |   1 |  833.0 |
        Wizlab |    537 |    537 |      0 |      3 |    294 |   1 |  537.0 |
               +--------+--------+--------+--------+--------+-----+--------+

Top non-repeatable levels by time:
Vaults:4: 4586 daAuts
     D:9: 3166 daAuts
  Lair:5: 2489 daAuts
Spider:3: 2477 daAuts
 Swamp:1: 2364 daAuts
Vaults:2: 2248 daAuts
Vaults:5: 2226 daAuts
Vaults:3: 2215 daAuts
Depths:1: 2016 daAuts
Depths:3: 1995 daAuts
  Lair:1: 1862 daAuts
Depths:2: 1860 daAuts
    D:11: 1847 daAuts
     D:4: 1823 daAuts
     D:8: 1818 daAuts
